 Dungeon Crawl Stone Soup version 0.19.1 (webtiles) character file.

0 Gargoyl the Skirmisher (level 1, -2/19 HPs)
             Began as a Ghoul Abyssal Knight on Dec 21, 2016.
             Was a Follower of Lugonu.
             Slain by a thrashing horror (7 damage)
             ... on level 4 of the Abyss.
             The game lasted 00:01:03 (184 turns).

Gargoyl the Skirmisher (Ghoul Abyssal Knight)        Turns: 184, Time: 00:01:03

Health: -2/19      AC:  6    Str: 15    XL:     1   Next: 0%
Magic:  1/1        EV:  9    Int:  7    God:    Lugonu [*.....]
Gold:   93         SH:  0    Dex:  8    Spells: 0 memorised, 0 levels left

rFire  . . .     SeeInvis .     a - +1 hand axe
rCold  + . .     Gourm    .     d - +0 scale mail
rNeg   + + +     Faith    .     (no shield)
rPois  ∞         Spirit   .     (no helmet)
rElec  .         Reflect  .     (no cloak)
rCorr  .         Harm     .     (no gloves)
MR     .....                    (no boots)
Stlth  ..........               (no amulet)
                                (no ring)
                                (no ring)

@: rotting
A: rotting body, claws 1, carnivore 3, cold resistance 1, negative energy
resistance 3, slow regeneration 1, torment resistance, unbreathing
a: Depart the Abyss, Renounce Religion


You were on level 4 of the Abyss.
You worshipped Lugonu.
Lugonu was aware of your devotion.
You were not hungry.

You visited 0 branches of the dungeon, and saw 0 of its levels.
You visited the Abyss 1 time.

You collected 93 gold pieces.

Inventory:

Hand Weapons
 a - a +1 hand axe (weapon)
Armour
 b - a +0 leather armour
 d - a +0 scale mail (worn)
Scrolls
 e - a scroll of teleportation {unknown}
Comestibles
 c - a meat ration


   Skills:
 + Level 3.2 Fighting
 + Level 1.7 Axes
 + Level 1.7 Armour
 + Level 0.8 Dodging
 + Level 2.0 Invocations


You couldn't memorise any spells.
You didn't know any spells.

Dungeon Overview and Level Annotations

Branches:
Dungeon (0/15)

Altars:


Innate Abilities, Weirdness & Mutations

Your body is rotting away.
You thrive on raw meat.
You are immune to poison.
You have sharp fingernails.
You are carnivorous and can eat meat at any time.
Your flesh is cold resistant. (rC+)
You are immune to negative energy. (rN+++)
You regenerate slowly when monsters are visible.
You are immune to unholy pain and torment.
You can survive without breathing.


Message History

A naga comes into view. It is wielding a flail of protection.
A guardian serpent comes into view.
The guardian serpent shouts!
A thrashing horror comes into view.
The thrashing horror roars!
The thrashing horror closely misses you.
The thrashing horror barely misses you.
The thrashing horror roars!
The thrashing horror tramples you but does no damage.
The thrashing horror tramples you.
You hold your ground!
The thrashing horror tramples you!
Ouch! That really hurt!
* * * LOW HITPOINT WARNING * * *
You stumble backwards!
The thrashing horror roars!
The thrashing horror barely misses you.
The thrashing horror tramples you but does no damage.
The thrashing horror roars!
The thrashing horror tramples you!
You die...

.∩ . #. .# . .# .
### .. .#..#. . ##
. . #...##. ## .#.
#####...... #.#$.
# .
..#.#.#.#..#[..#..
# ....#...#..
.####. ...
#.#..#...##... .
#..@#.. #.. ## ...
###.X#.....#. #
#... ##.4..#.(. .#
# #
###..........#.#
#..S#..#...### .#
#.###.......# ##
##..##..#.#.# #.
#.#.....## #..
##.#.##


You could see a thrashing horror, a guardian serpent and a chaos spawn.

Vanquished Creatures (others)
  4 starspawn tentacles (Abyss:2)
4 creatures vanquished.

Notes
Turn   | Place    | Note
-------+----------+-------------------------------------------
     0 | Abyss:1  | Gargoyl the Ghoul Abyssal Knight began the quest for the Orb.
     0 | Abyss:1  | Reached XP level 1. HP: 19/19 MP: 1/1
    36 | Abyss:2  | Noticed a large abomination
    58 | Abyss:2  | Noticed a tentacled starspawn
    74 | Abyss:2  | Noticed a stone giant skeleton
    93 | Abyss:3  | Noticed a vampire mage
   145 | Abyss:4  | Noticed an orange demon
   145 | Abyss:4  | Noticed an orange demon
   168 | Abyss:4  | Noticed a chaos spawn
   169 | Abyss:4  | Noticed a naga mage
   174 | Abyss:4  | Noticed a naga
   175 | Abyss:4  | Noticed a naga
   177 | Abyss:4  | Noticed a guardian serpent
   179 | Abyss:4  | Noticed a thrashing horror
   184 | Abyss:4  | Slain by a thrashing horror

Action                   || total
-------------------------++-------
Armor: Scale mail        ||     2
Dodge: Dodged            ||     4
